 Dungeon Crawl Stone Soup version 0.29-a0-563-g64e4043184 (webtiles) character file.

Game seed: 15250655474298572657

26 DocClef the Covert (level 3, -1/35 HPs)
             Began as a Gnoll Delver on June 11, 2022.
             Slain by a frilled lizard (3 damage)
             ... in a sewer.
             The game lasted 00:00:43 (322 turns).

DocClef the Covert (Gnoll Delver)                    Turns: 322, Time: 00:00:44

Health: -1/35      AC:  4    Str: 11    XL:     3   Next: 8%
Magic:  3/3        EV: 13    Int:  9    God:
Gold:   0          SH:  0    Dex: 15    Spells: 3/3 levels left

rFire   . . .      SeeInvis .   a - +0 short sword
rCold   . . .      Faith    .   (no shield)
rNeg    . . .      Spirit   .   b - +0 leather armour
rPois   .          Reflect  .   h - +0 helmet
rElec   .          Harm     .   (no cloak)
rCorr   .          Rampage  .   (no gloves)
Will    .....                   (no boots)
Stlth   ++++......              (no amulet)
HPRegen 0.11/turn               (no ring)
MPRegen 0.08/turn               (no ring)

@: no status effects
A: fangs 1, strong nose, distributed training
a: no special abilities


You were in a sewer.
You visited 1 branch of the dungeon, and saw 1 of its levels.
You also visited: Sewer.

Inventory:

Hand Weapons
 a - a +0 short sword (weapon)
 i - a +0 morningstar
Armour
 b - a +0 leather armour (worn)
 h - a +0 helmet (worn)
Wands
 g - a wand of digging (3)
Scrolls
 c - a scroll of fog
 e - a scroll of fear
Potions
 d - a potion of curing {unknown}
 f - a potion of haste
 j - a potion of ambrosia {unknown}


   Skills:
 + Level 6.5 Fighting
 + Level 4.5 Short Blades
 + Level 0.6 Long Blades
 + Level 0.6 Axes
 + Level 0.6 Maces & Flails
 + Level 0.6 Polearms
 + Level 0.6 Staves
 + Level 0.6 Slings
 + Level 0.6 Bows
 + Level 0.6 Crossbows
 + Level 0.6 Throwing
 + Level 0.6 Armour
 + Level 4.5 Dodging
 + Level 9.5 Stealth
 + Level 0.6 Shields
 + Level 0.6 Unarmed Combat
 + Level 0.6 Spellcasting
 + Level 0.4 Conjurations
 + Level 0.4 Hexes
 + Level 0.4 Summonings
 + Level 0.4 Necromancy
 + Level 0.4 Translocations
 + Level 0.4 Transmutations
 + Level 0.4 Fire Magic
 + Level 0.4 Ice Magic
 + Level 0.4 Air Magic
 + Level 0.4 Earth Magic
 + Level 0.4 Poison Magic
 + Level 0.8 Invocations
 + Level 0.6 Evocations


You had 3 spell levels left.
You didn't know any spells.
Your spell library was empty.

Dungeon Overview and Level Annotations

Branches:
Dungeon (5/15)              Sewer (1/1)
 Temple: D:4-7

Altars:


Innate Abilities, Weirdness & Mutations

You have very sharp teeth.
Your uncanny sense of smell can sniff out nearby items.
Your experience applies equally to all skills.


Message History

* * * LOW HITPOINT WARNING * * *
You hit the adder.
The adder is moderately wounded.
The adder barely misses you.
The frilled lizard closely misses you. x2
You hit the adder.
The adder is severely wounded.
The adder closely misses you.
The frilled lizard bites you but does no damage.
The frilled lizard bites you.
* * * LOW HITPOINT WARNING * * *
You barely miss the adder. Your bite misses the adder.
The adder is severely wounded.
The adder closely misses you.
Unknown command.
You barely miss the adder.
The adder is severely wounded.
The frilled lizard bites you but does no damage.
The frilled lizard closely misses you. The adder bites you but does no damage.
You puncture the adder!
You kill the adder!
The frilled lizard closely misses you. x2
You have reached level 3!
Your experience leads to an increase in your attributes!
Increase (S)trength, (I)ntelligence, or (D)exterity?
You feel agile. x2
You barely miss the frilled lizard.
The frilled lizard is heavily wounded.
The frilled lizard barely misses you. The frilled lizard misses you.
The frilled lizard barely misses you.
You closely miss the frilled lizard.
The frilled lizard is heavily wounded.
The frilled lizard bites you.
* * * LOW HITPOINT WARNING * * *
The frilled lizard barely misses you. The frilled lizard bites you.
* * * LOW HITPOINT WARNING * * *
You miss the frilled lizard.
The frilled lizard is heavily wounded.
The frilled lizard barely misses you. The frilled lizard closely misses you.
The frilled lizard bites you.
You die...

≈≈≈≈≈≈†.#
≈≈≈≈≈≈≈.#
≈≈≈≈≈≈≈.#
≈≈≈≈≈≈≈.# ###
≈≈≈≈≈≈≈.# #.#
≈≈≈≈≈≈≈.# #∩#
≈≈≈≈≈≈≈.# #.#
≈≈≈.≈≈ll# #∩#
≈≈≈.B≈l@# #.#
≈≈≈.≈≈≈.# #.#
≈≈≈.≈≈≈.###≈##
≈≈#.≈≈≈.##.≈.#
≈≈#.≈≈≈.##.≈≈#
#.≈≈≈.##≈≈.#
#.≈≈≈.##≈≈.#
#.≈≈≈.##≈≈≈#
#.≈≈≈≈##≈≈≈#


You could see a giant cockroach and 3 frilled lizards.

Vanquished Creatures
  2 adders (Sewer)
  4 giant cockroaches (Sewer)
  2 ball pythons (Sewer)
  2 frilled lizards (Sewer)
10 creatures vanquished.

Notes
Turn   | Place    | Note
-------+----------+-------------------------------------------
     0 | D:5      | Reached skill level 9 in Stealth
     0 | D:5      | DocClef the Gnoll Delver began the quest for the Orb.
     0 | D:5      | Reached XP level 1. HP: 23/23 MP: 1/1
    49 | D:5      | Found a glowing drain.
    59 | Sewer    | Entered a sewer
   113 | Sewer    | Reached XP level 2. HP: 13/29 MP: 2/2
   320 | Sewer    | Reached XP level 3. HP: 5/35 MP: 3/3
   322 | Sewer    | Slain by a frilled lizard

Illustrated notes

Levels and vault maps discovered:
D:5:      layout_gridville, chei_slow_surprise, cheibrodos_sewer_entry_sluice
Sewer:    sewer_frog_island_01

Skill      XL: | |
---------------+-+-----
Stealth        | |  9.5
Fighting       | |  6.5
Short Blades   | |  4.5
Long Blades    | |  0.6
Axes           | |  0.6
Maces & Flails | |  0.6
Polearms       | |  0.6
Staves         | |  0.6
Slings         | |  0.6
Bows           | |  0.6
Crossbows      | |  0.6
Throwing       | |  0.6
Armour         | |  0.6
Dodging        | |  4.5
Shields        | |  0.6
Unarmed Combat | |  0.6
Spellcasting   | |  0.6
Conjurations   | |  0.4
Hexes          | |  0.4
Summonings     | |  0.4
Necromancy     | |  0.4
Translocations | |  0.4
Transmutations | |  0.4
Fire Magic     | |  0.4
Ice Magic      | |  0.4
Air Magic      | |  0.4
Earth Magic    | |  0.4
Poison Magic   | |  0.4
Invocations    | |  0.8
Evocations     | |  0.6

Action                   || total
-------------------------++-------
Melee: Short sword       ||    55
       Bite              ||     3
  Use: Scroll            ||     1
Armor: Leather armour    ||    24
Dodge: Dodged            ||    73

Table legend: (Time is in decaauts)
 A = Elapsed time spent in this place.
 B = Non-inter-level travel time spent in this place.
 C = Inter-level travel time spent in this place.
 D = Time resting spent in this place.
 E = Time spent auto-exploring this place.
 F = Levels seen in this place.
 G = Mean time per level.
                   A        B        C        D        E       F      G
               +--------+--------+--------+--------+--------+-----+--------+
         Total |    320 |    320 |      0 |    165 |     11 |   2 |  160.0 |
       Dungeon |     59 |     59 |      0 |      0 |      0 |   1 |   59.0 |
         Sewer |    261 |    261 |      0 |    165 |     11 |   1 |  261.0 |
               +--------+--------+--------+--------+--------+-----+--------+

Top non-repeatable levels by time:
   Sewer: 261 daAuts
     D:5: 59 daAuts
